 Dungeon Crawl Stone Soup version 0.21.1-1-g345015f (webtiles) character file.

170 spiff the Chucker (level 5, -5/48 HPs)
             Began as a Troll Hunter on July 11, 2018.
             Shot with an arrow by a centaur (9 damage)
             ... on level 4 of the Dungeon.
             The game lasted 00:04:27 (2159 turns).

spiff the Chucker (Troll Hunter)                    Turns: 2159, Time: 00:04:28

Health: -5/48      AC:  6    Str: 21    XL:     5   Next: 26%
Magic:  4/4        EV:  7    Int:  7    God:
Gold:   109        SH:  7    Dex: 10    Spells: 4/4 levels left

rFire    . . .     SeeInvis .     - Unarmed
rCold    . . .     Gourm    +   q - +0 shield
rNeg     . . .     Faith    .   b - +0 robe
rPois    .         Spirit   .   (helmet restricted)
rElec    .         Reflect  .   m - +0 cloak
rCorr    .         Harm     .   (gloves unavailable)
MR       .....                  (boots unavailable)
Stlth    +.........             (no amulet)
HPRegen  0.56/turn              (no ring)
MPRegen  0.09/turn              (no ring)

@: very slightly contaminated
A: large, unfitting armour, claws 3, fast metabolism 3, gourmand, regeneration
1, shaggy fur 1, tough skin 2
a: no special abilities


You were on level 4 of the Dungeon.
You were very full.

You visited 1 branch of the dungeon, and saw 4 of its levels.

You collected 109 gold pieces.

Inventory:

Hand Weapons
 a - a +0 short sword
Missiles
 c - 5 large rocks (quivered)
 d - 2 throwing nets
 h - 6 tomahawks
Armour
 b - a +0 robe (worn)
 m - a +0 cloak (worn)
 q - a +0 shield (worn)
Wands
 t - a wand of enslavement (4)
Scrolls
 p - 2 scrolls of teleportation
 s - a scroll of blinking
Potions
 i - 3 potions of agility
 j - 2 potions of curing
 k - a potion of degeneration
 l - a potion of flight {unknown}
 n - a potion of lignification {unknown}
Comestibles
 f - 10 rations


   Skills:
 - Level 1.5 Fighting
 + Level 4.8 Throwing
 - Level 1.5 Dodging
 - Level 0.3 Stealth
 + Level 1.2 Shields
 + Level 3.1 Unarmed Combat


You had 4 spell levels left.
You didn't know any spells.

Dungeon Overview and Level Annotations

Branches:
Dungeon (4/15)
 Temple: D:4-7

Altars:
Fedhas


Innate Abilities, Weirdness & Mutations

You are too large for most types of armour.
You have claws for hands.
Your metabolism is lightning-fast.
You like to eat raw meat.
Your natural rate of healing is unusually fast.
You are covered in fur. (AC +1)
You have very tough skin. (AC +2)


Message History

The centaur hits the bush.
The orc wizard casts a spell.
The orc wizard flickers and vanishes!
Deactivating autopickup; reactivate with Ctrl-A.
An orc wizard comes into view. It is wielding a dagger.
The orc wizard shouts! x2
You scratch the bush but do no damage.
The bush is lightly damaged.
The centaur wields an uncursed shortbow.
The centaur shoots an arrow.
The arrow hits you!
* * * LOW HITPOINT WARNING * * *
The centaur shoots an arrow.
The arrow hits you!
* * * LOW HITPOINT WARNING * * *
The centaur unwields an uncursed shortbow.
The centaur hits the bush.
The centaur wields an uncursed shortbow.
The centaur shoots an arrow.
You block the arrow.
You see here an arrow.
The centaur shoots an arrow.
The arrow hits you!
You die...

... .... ########
.... #......#+##
.....#..........
...#........P PP
.........PPP.P .
#.....#.PPcPP.#.
#.....@(.PP.....
##......(.PP
#........o#.#
#....((#...{#
#...W......o...
#.............o.
#..(###....!..o.
...... ......##..
..................


You could see a phantom, a centaur, an orc wizard and an orc.

Vanquished Creatures
  The ghost of Monsterracer the Conjurer, a weakling DrWz (D:3)
  A worker ant (D:4)
  3 adders (D:3)
  An ooze (D:2)
  A worm (D:2)
  2 leopard geckos
  An orc (D:3)
  3 giant cockroaches (D:1)
  9 goblins
  8 hobgoblins
  8 jackals
  5 kobolds
  2 quokkas
  A ball python (D:1)
  10 bats
  2 frilled lizards
  11 rats
69 creatures vanquished.

Notes
Turn   | Place    | Note
-------+----------+-------------------------------------------
     0 | D:1      | spiff the Troll Hunter began the quest for the Orb.
     0 | D:1      | Reached XP level 1. HP: 19/19 MP: 0/0
    45 | D:1      | Reached skill level 1 in Unarmed Combat
    79 | D:1      | Reached XP level 2. HP: 27/27 MP: 1/1
   438 | D:1      | Reached skill level 4 in Throwing
   725 | D:1      | Reached XP level 3. HP: 31/33 MP: 2/2
  1655 | D:3      | Reached XP level 4. HP: 41/41 MP: 3/3
  1939 | D:3      | Noticed Monsterracer's ghost (weakling DrWz)
  1952 | D:3      | Killed Monsterracer's ghost
  1952 | D:3      | Reached skill level 1 in Shields
  1952 | D:3      | Reached XP level 5. HP: 48/48 MP: 4/4
  2135 | D:4      | Noticed a phantom
  2146 | D:4      | Found a blossoming altar of Fedhas.
  2147 | D:4      | Noticed a centaur
  2156 | D:4      | HP: 2/48 [centaur/arrow (8)]
  2159 | D:4      | Shot with an arrow by a centaur

Skill      XL: |  1  2  3  4 |
---------------+-------------+-----
Unarmed Combat | 1 2 3 |  3.1
Throwing       | 4 |  4.8
Shields        | 1 |  1.2
Fighting       | |  1.5
Dodging        | |  1.5
Stealth        | |  0.3

Action                   |  1- 3 |  4- 6 || total
-------------------------+-------+-------++-------
Melee: Unarmed           |   148 |    53 ||   201
  Use: Scroll            |       |     7 ||     7
 Stab: Sleeping          |     1 |       ||     1
  Eat: Chunk             |    21 |     3 ||    24
Armor: Robe              |    66 |    15 ||    81
Dodge: Dodged            |    74 |    14 ||    88
Block: Shield            |     2 |    23 ||    25
